AoeStats
← Dariusz II

African Clearing

504784535Analyzed
4v4 RM · 27d ago on Sep 6, 2026· 25m 32s· 8 players
Game mode
Random Map
Map size
Large (8 player)
Population
200
Speed
Normal
Resources
Standard
Victory
Conquest
Starting age
Dark Age
Ending age
Imperial Age
RankedLock teamsTeams togetherTeam positionsShared explorationLock speedFull tech treeHidden civsTurbo modeCheats
Victory
Defeat
🇦🇷 Portuguese · Argentina
1413
+16
🇦🇺 Persians · Australia
1408
+16
🇲🇽 Malians · Mexico
1359
+18
🇨🇳 Spanish · China
1346
+18
🇭🇰 Japanese · Hong Kong SAR China
1445
-20
🇩🇪 Berbers · Germany
1388
-16
🇵🇱 Vietnamese · Poland
1383
-16
🇦🇪 Britons · United Arab Emirates
1382
-16
Dariusz II
7:12 Loom
12:34 Feudal Age
14:16 Fletching
22:21 Castle Age
22:57 Town Watch
23:10 Bodkin Arrow
22:36 Elite Skirmisher
23:52 Padded Archer Armor
[KoM] Sir Djemba Djemba
4:47 Loom
12:10 Feudal Age
12:51 Double-Bit Axe
15:18 Fletching
I_IFK
4:12 Loom
12:27 Feudal Age
13:23 Double-Bit Axe
14:09 Horse Collar
22:38 Castle Age
21:20 Fletching
21:52 Fishing Lines
23:03 Padded Archer Armor
Abadengo
6:30 Loom
13:46 Feudal Age
15:20 Double-Bit Axe
20:46 Castle Age
19:13 Fletching
22:35 Bow Saw
25:13 Wheelbarrow
La Calabaza
11:46 Feudal Age
11:13 Loom
15:27 Castle Age
14:00 Double-Bit Axe
14:37 Scale Mail Armor
23:52 Bow Saw
24:00 Horse Collar
你顶住我发展
4:16 Loom
14:34 Feudal Age
17:16 Double-Bit Axe
17:18 Town Watch
21:10 Castle Age
19:25 Fletching
20:31 Padded Archer Armor
Cai
12:51 Feudal Age
11:08 Loom
12:54 Feudal Age
13:29 Man-at-Arms
20:31 Castle Age
19:25 Bloodlines
20:57 Scale Barding Armor
Agua Mineral
3:32 Loom
13:43 Feudal Age
19:03 Town Watch
19:22 Fletching
19:42 Padded Archer Armor
Connection lost

Rejoining the realm…

Still unreachable

The connection could not be restored.

Session expired

The server has moved on; the page needs a fresh start.